 Dungeon Crawl Stone Soup version 0.22-a0-601-gb0ed703 (console) character file.

4464 Goblin1989 the Covert (level 10, -11/50 HPs)
             Began as a Felid Chaos Knight on July 6, 2018.
             Mangled by Urug
             ... wielding a +4 war axe of chopping
              (26 damage)
             ... on level 3 of the Lair of Beasts.
             The game lasted 01:03:28 (16486 turns).

Goblin1989 the Covert (Felid Chaos Knight)         Turns: 16486, Time: 01:03:28

Health: -11/50     AC:  2    Str: 11    XL:     10   Next: 15%
Magic:  12/14      EV: 33    Int: 12    God:    Xom [.....*]
Gold:   642        SH:  0    Dex: 18    Spells: 6/13 levels left
                                        Lives:  0   Deaths: 3

rFire    . . .     SeeInvis +     - Unarmed
rCold    + . .     Gourm    .   (shield unavailable)
rNeg     . . .     Faith    .   (armour unavailable)
rPois    .         Spirit   .   (helmet unavailable)
rElec    .         Reflect  .   (cloak unavailable)
rCorr    .         Harm     .   (gloves unavailable)
MR       ++...                  (boots unavailable)
Stlth    +++++.....             (no amulet)
HPRegen  0.16/turn              o - ring of poison resistance
MPRegen  0.14/turn              V - ring "Xiefebuf" {rC+ MR+ Str+3 Dex-2}

@: spider-form (expiring)
A: tiny, no armour, no weapons or thrown items, stealth, repulsion field 1,
rugged brown scales 1, see invisible, carnivore, clumsy 2, dopey 1, slow
metabolism 1
a: End Transformation, Renounce Religion


You were on level 3 of the Lair of Beasts.
You worshipped Xom.
You were Xom's teddy bear.
You were not hungry.
You were a venomous arachnid creature.
You visited 3 branches of the dungeon, and saw 14 of its levels.
You visited the Abyss 1 time.

You collected 919 gold pieces.
You spent 277 gold pieces at shops.

Inventory:

Jewellery
 f - a +2 ring of evasion
 o - a ring of poison resistance (left front leg)
 T - a +3 ring of dexterity
 V - the ring "Xiefebuf" (right front leg) {rC+ MR+ Str+3 Dex-2}
   (You acquired it on level 10 of the Dungeon)

   [ring of protection from cold]

   It affects your strength (+3).
   It affects your dexterity (-2).
   It protects you from cold.
   It affects your resistance to hostile enchantments.
Wands
 N - a wand of clouds (3) {@v3}
 O - a wand of flame (31) {@v6}
 Q - a wand of scattershot (4) {@v5}
 W - a wand of random effects (26)
 X - a wand of polymorph (11)
Scrolls
 i - 9 scrolls of teleportation {!r, @r2}
 n - 6 scrolls of amnesia
 y - 9 scrolls of remove curse {@r3}
 B - 3 scrolls of blinking
 J - a scroll of vulnerability {unknown}
 M - 6 scrolls of immolation
 P - a scroll of summoning {unknown}
 R - 2 scrolls of identify {@r1}
 U - a scroll of holy word
Potions
 h - 2 potions of heal wounds {@q2}
 j - 6 potions of curing {@q1}
 p - 4 potions of haste
 G - a potion of invisibility {unknown}
 H - a potion of cancellation
 K - a potion of might {unknown}
 L - 2 potions of brilliance
 S - a potion of magic
 Y - 3 potions of ambrosia
 Z - a potion of flight {unknown}
Comestibles
 e - 26 rations


   Skills:
 + Level 9.3 Fighting
 + Level 11.6 Dodging
 + Level 12.1 Stealth
 - Level 12.0 Unarmed Combat
 + Level 2.3 Spellcasting
 * Level 4.3 Transmutations
 + Level 2.3 Ice Magic


You had 6 spell levels left.
You knew the following spells:

 Your Spells              Type           Power        Failure   Level  Hunger
a - Ice Form              Ice/Tmut       #.......     75%         4    #####..
b - Spider Form           Tmut/Pois      #.........   54%         3    ####...

Your spell library contained the following spells:

 Spells                   Type           Power        Failure   Level  Hunger
 Magic Dart               Conj           #...         47%         1    ##.....
 Iskenderun's Mystic Bla  Conj           #.......     99%         4    #####..
 Blade Hands              Tmut           ##........   90%         5    ######.
 Sticks to Snakes         Tmut           ##......     19%         2    ###....
 Beastly Appendage        Tmut           ##....       13%         1    ##.....
 Fulminant Prism          Conj/Hex       #.........   99%         4    #####..
 Dazzling Spray           Conj/Hex       #.....       80%         3    ####...
 Force Lance              Conj/Tloc      #.......     99%         4    #####..
 Searing Ray              Conj           #.....       58%         2    ###....


Dungeon Overview and Level Annotations

Branches:
Dungeon (11/15)            Temple (0/1) D:6            Lair (3/6) D:11
 Shoals (0/4) Lair:3       Spider (0/4) Lair:2          Orc (1/2) D:10

Altars:
Cheibriados
Dithmenos
Okawaru
Sif Muna
Trog
Xom
Beogh

Shops:
D:10 (?   D:11 %   Orc:1 [

Annotations:
D:6 2 transporters
D:7 Joseph
D:10 Nergalle
Lair:3 Urug


Innate Abilities, Weirdness & Mutations

You cannot wear armour.
You are incapable of wielding weapons or throwing items.
Your paws allow you to move quietly. (Stealth)
((You have sharp claws.))
((You have razor-sharp teeth.))
You have supernaturally acute eyesight. (SInv)
You are carnivorous and can eat meat at any time.
((You cover ground quickly.))
((You are covered in thick fur. (AC +2)))
You have a slow metabolism.
((Your sharp claws are effective at attacking unaware monsters.))
You are surrounded by a mild repulsion field. (EV +2)
(You are partially covered in rugged brown scales. (AC +1, +3% HP))
((You are partially covered in yellow scales. (AC +2)))
You are very clumsy. (Dex -4)
You are dopey. (Int -2)
((Your flesh is heat resistant. (rF+)))


Message History

The blink frog is lightly wounded.
Your transformation has ended.
The blink frog closely misses you.
Casting: Spider Form (safe; 34% risk of failure)
Confirm with . or Enter, or press ? or * to list all spells.
You turn into a venomous arachnid creature.
The blink frog barely misses you. The blink frog completely misses you.
You now have 10/15 mp.
Unknown command.
You maul the blink frog!!
The blink frog looks as sick as possible!
The blink frog is severely wounded.
The blink frog completely misses you.
You hit the blink frog.
The blink frog looks as sick as possible!
The blink frog is almost dead.
The blink frog closely misses you.
The blink frog hits the fungus!
You barely miss the blink frog.
The blink frog is almost dead.
The blink frog hits you.
* * * LOW HITPOINT WARNING * * *
The blink frog hits the fungus!
You take 6 damage, and have 37/54 hp.
You bite the blink frog!
You kill the blink frog!
Urug throws a javelin.
The javelin barely misses you.
You bite the blink frog!
The blink frog is poisoned.
The blink frog is heavily wounded.
The blink frog blinks!
Urug throws a javelin.
The javelin hits you!!
* * * LOW HITPOINT WARNING * * *
You take 24 damage, and have 13/54 hp.
MASSIVE DAMAGE!!
Unknown command.
Your transformation is almost over.
Urug closely misses you.
Things that are here:
a blink frog corpse; a bullfrog corpse You hit Urug.
Urug is poisoned.
Urug is lightly wounded.
The blink frog blinks!
You bite Urug!
Urug looks as sick as possible!
Urug is lightly wounded.
Urug drinks a potion.
Urug is healed!
Urug looks more healthy.
You barely miss Urug.
Urug is lightly wounded.
Urug closely misses you.
You barely miss Urug.
Urug is lightly wounded.
You barely miss Urug.
Urug is lightly wounded.
Urug hits you with a war axe of chopping!!
You die...
Xom snickers!
Your shape twists and changes as you die.
You are now level 10!
Your transformation has ended.
You rejoin the land of the living...
Health restored: 50; MP restored: 14 Unknown command.
Casting: Spider Form (safe; 32% risk of failure)
Confirm with . or Enter, or press ? or * to list all spells.
You turn into a venomous arachnid creature.
You now have 11/14 mp.
You maul the blink frog!!
You kill the blink frog!
Urug throws a javelin.
The javelin barely misses you.
You barely miss Urug.
Urug is lightly wounded.
Urug hits you with a +4 war axe of chopping!
* * * LOW HITPOINT WARNING * * *
You take 16 damage, and have 34/50 hp.
MASSIVE DAMAGE!!
You hit Urug but do no damage.
Urug is poisoned.
Urug is lightly wounded.
You bite Urug!
Urug is moderately wounded.
Urug winks... or blinks.
Urug completely misses you.
You hit Urug but do no damage.
Urug looks as sick as possible!
Urug is moderately wounded.
Urug completely misses you.
You hit Urug.
Urug looks as sick as possible!
Urug is moderately wounded.
You barely miss Urug.
Urug is moderately wounded.
Your transformation is almost over.
Urug completely misses you.
Unknown command.
Unknown command.
You bite Urug!
Urug looks as sick as possible!
Urug is heavily wounded.
You bite Urug!
Urug looks as sick as possible!
Urug is severely wounded.
Urug hits you with a +4 war axe of chopping!
* * * LOW HITPOINT WARNING * * *
x2 You take 20 damage, and have 15/50 hp.
MASSIVE DAMAGE!!
You barely miss Urug.
Urug is severely wounded.
Urug hits you with a +4 war axe of chopping!!
Ouch! That really hurt!
You die...
Xom thinks this is hilarious! ................. █....(.......? █............. .. ██.((......... .... ███.......... █...███ ███ █........... █..█.██████(████....P████... ████...P.█Po†███.....███ █P█. █P..........██P..$..███ ████

██...........os........█ █
█............P........██ █
█.......(.....P....(.██ █
..................████ ███
............./.!.█.██ █..
..................█.█████████..
.....................(.██..█.██
.o............█.███.........███
F...............█ ████...█...██


You could see Urug.

Vanquished Creatures
  Erolcha (D:11)
  2 two-headed ogres
  An unseen horror (D:10)
  An ugly thing (D:11)
  A cyclops (Orc:1)
  2 spiny frogs (Lair:1)
  A rime drake (Lair:3)
  2 komodo dragons
  2 trolls (D:11)
  2 hornets (D:8)
  7 blink frogs
  3 hippogriffs
  3 redbacks (Lair:2)
  4 yaks (Lair:2)
  Grum (D:11)
  3 hungry ghosts
  An acid dragon (D:11)
  A water moccasin (Lair:2)
  3 wargs
  A soldier ant (D:8)
  5 porcupines
  A swamp drake (D:6)
  5 orc warriors
  A sky beast (D:11)
  4 ice beasts
  2 necrophages
  2 phantoms (D:11)
  10 ogres
  7 wolves
  3 centaurs
  4 crocodiles
  A big kobold (D:10)
  6 bullfrogs
  2 scorpions
  5 killer bees (D:8)
  3 wights (D:11)
  2 crimson imps
  A bullfrog zombie (D:10)
  3 jellies
  A gnoll shaman (D:10)
  11 orc priests
  3 hounds
  7 orc wizards
  2 bullfrog skeletons (D:5)
  Jessica (D:2)
  3 iguanas
  Ijyb (D:3)
  6 worker ants
  A hound skeleton (D:9)
  3 worker ant zombies
  A howler monkey zombie (D:11)
  8 gnolls
  12 adders
  A shadow imp (D:8)
  2 oozes
  An adder zombie (D:9)
  5 worms
  2 leopard geckos
  32 orcs
  A ball python (D:3)
  2 giant cockroaches
  12 goblins
  4 hobgoblins
  12 jackals
  2 quokkas
  8 bats
  3 frilled lizards
  A jackal skeleton (D:6)
  A jackal zombie (D:6)
  13 kobolds
  A leopard gecko skeleton (D:7)
  A leopard gecko zombie (D:5)
  A quokka zombie (D:5)
  5 rats
279 creatures vanquished.

Vanquished Creatures (collateral kills)
  2 two-headed ogres (D:8)
  An orc warrior (D:8)
  A crimson imp (D:6)
  An orc priest (D:8)
  An orc wizard (D:6)
  A hound (D:6)
  A worker ant (D:6)
  7 orcs
  A quokka (D:6)
16 creatures vanquished.

Vanquished Creatures (others)
  A bush (D:10)
1 creature vanquished.

Grand Total: 296 creatures vanquished

Notes
Turn   | Place    | Note
-------+----------+-------------------------------------------
     0 | D:1      | Goblin1989 the Felid Chaos Knight began the quest for the Orb.
     0 | D:1      | Reached XP level 1. HP: 10/10 MP: 2/2
   206 | D:1      | XOM is BORED!
   206 | D:1      | XOM: silly message
   396 | D:1      | XOM: give mutations
   396 | D:1      | Gained mutation: You are frail. (-10% HP) [Xom's mischief]
   396 | D:1      | Lost mutation: You are frail. (-10% HP) [Xom's mischief]
   537 | D:1      | Reached XP level 2. HP: 9/14 MP: 3/3
   754 | D:1      | Reached skill level 1 in Stealth
   987 | D:1      | XOM: give mutations
   987 | D:1      | Gained mutation: You are partially covered in yellow scales. (AC +2) [Xom's mischief]
   987 | D:1      | Gained mutation: Your flesh is heat resistant. (rF+) [Xom's mischief]
   987 | D:1      | Gained mutation: You are dopey. (Int -2) [Xom's mischief]
  1156 | D:1      | XOM: swap monsters
  1241 | D:1      | XOM is BORED!
  1292 | D:1      | XOM: enchant monster (bad)
  1504 | D:1      | XOM: severe Tloc miscast
  1504 | D:1      | Cast into level 1 of the Abyss (the severe capriciousness of Xom)
  1504 | D:1      | Escaped the Abyss
  1504 | D:1      | XOM: revert banishment
  1713 | D:2      | XOM: mild Erth miscast
  1718 | D:2      | Reached XP level 3. HP: 13/17 MP: 4/4
  1738 | D:2      | XOM: mild Conj miscast
  1888 | D:2      | Noticed Jessica
  1896 | D:2      | Killed Jessica
  1896 | D:2      | Reached XP level 4. HP: 21/21 MP: 5/5
  1914 | D:2      | XOM: harmless Air miscast
  1925 | D:2      | Noticed an ogre
  1932 | D:2      | XOM: butterfly on damage
  1937 | D:2      | Killed an ogre
  1937 | D:2      | Reached XP level 5. HP: 7/25 MP: 6/6
  1946 | D:2      | XOM: stat loss: -1 Str (7/8)
  2301 | D:2      | Found a faded altar of an unknown god.
  3126 | D:3      | Noticed Ijyb
  3167 | D:3      | Killed Ijyb
  3309 | D:3      | XOM: give mutations
  3309 | D:3      | Gained mutation: You are surrounded by a mild repulsion field. (EV +2) [Xom's mischief]
  3309 | D:3      | Gained mutation: You are clumsy. (Dex -2) [Xom's mischief]
  3309 | D:3      | Gained mutation: You are partially covered in rugged brown scales. (AC +1, +3% HP) [Xom's mischief]
  3309 | D:3      | Gained mutation: You are very clumsy. (Dex -4) [Xom's mischief]
  3458 | D:3      | Gained mutation: You are covered in thick fur. (AC +2) [Felid growth]
  3458 | D:3      | Reached XP level 6. HP: 28/28 MP: 7/7
  3579 | D:3      | You fall through a shaft for 2 floors!
  3579 | D:5      | Entered Level 5 of the Dungeon
  3674 | D:5      | Reached skill level 5 in Unarmed Combat
  3769 | D:5      | XOM: scenery: create altars
  3923 | D:5      | Reached skill level 5 in Dodging
  4007 | D:5      | Found a snail-covered altar of Cheibriados.
  4017 | D:5      | XOM: butterfly on damage
  4031 | D:5      | Reached XP level 7. HP: 6/33 MP: 8/8
  5008 | D:5      | Reached skill level 5 in Stealth
  5221 | D:6      | XOM: fake destruction
  5224 | D:6      | XOM: divination: detect creatures
  5230 | D:6      | XOM: god gift: cloak {god gift}
  5234 | D:6      | XOM: summons friendly iron imp
  5237 | D:6      | XOM: butterfly on damage
  5315 | D:6      | Reached skill level 5 in Fighting
  5332 | D:6      | Reached XP level 8. HP: 32/38 MP: 9/9
  5489 | D:6      | XOM: enchant monster (good)
  5503 | D:6      | Found a transporter.
  5543 | D:6      | Found a staircase to the Ecumenical Temple.
  5602 | D:6      | XOM: polymorph centaur -> swamp drake
  5656 | D:6      | Found a transporter.
  6089 | D:6      | XOM: medium Conj miscast
  6274 | D:7      | Noticed Joseph
  6278 | D:7      | XOM: summons friendly shadow imp
  6301 | D:7      | XOM: scenery: create altars
  6317 | D:7      | XOM: summons friendly white imp
  6318 | D:7      | Slain by Joseph
  6319 | D:7      | Reached XP level 7. HP: -2/32 MP: 8/8
  6379 | D:7      | Noticed a steam dragon
  6401 | D:7      | XOM: silly message
  6572 | D:7      | XOM: medium Ice miscast
  6752 | D:8      | XOM: 2-stop teleportation journey
  6763 | D:8      | Found a shadowy altar of Dithmenos.
  6787 | D:8      | XOM is BORED!
  6787 | D:8      | XOM: mild Necr miscast
  6797 | D:8      | XOM: god gift: 33 gold pieces {god gift}
  6833 | D:8      | XOM: cleaving
  6837 | D:8      | XOM: potion effect (might)
  6842 | D:8      | Reached XP level 8. HP: 39/39 MP: 9/9
  7270 | D:8      | XOM: scenery: create altars
  7285 | D:8      | XOM: potion effect (might)
  7313 | D:8      | Noticed a hornet
  7317 | D:8      | Killed a hornet
  7317 | D:8      | XOM: scenery: create altars
  7376 | D:8      | Noticed a two-headed ogre
  7386 | D:8      | Killed a two-headed ogre
  7386 | D:8      | Reached XP level 9. HP: 43/43 MP: 10/10
  7542 | D:8      | XOM: scenery: create altars
  7579 | D:8      | Noticed a two-headed ogre
  7586 | D:8      | Killed a two-headed ogre
  7617 | D:8      | XOM: god gift: scroll labeled SOCUAMUITO {god gift}
  7867 | D:9      | XOM: 1-stop teleportation journey
  7955 | D:9      | Noticed a two-headed ogre
  7960 | D:9      | XOM: smoke on damage
  7977 | D:9      | Killed a two-headed ogre
  7978 | D:9      | XOM: polymorph scorpion -> worm
  8032 | D:9      | Found a deep blue altar of Sif Muna.
  8037 | D:9      | XOM: 1-stop teleportation journey
  8109 | D:9      | Reached skill level 10 in Unarmed Combat
  8633 | D:10     | Entered Level 10 of the Dungeon
  8633 | D:10     | Found a staircase to the Orcish Mines.
  8633 | D:10     | Noticed an unseen horror
  8827 | D:10     | Reached XP level 10. HP: 48/48 MP: 11/11
  9057 | D:10     | Found Iskurof's Magic Scroll Emporium.
  9066 | D:10     | Bought a scroll of teleportation for 45 gold pieces
  9066 | D:10     | Bought a scroll of identify for 30 gold pieces
  9066 | D:10     | Bought a scroll of remove curse for 45 gold pieces
  9066 | D:10     | Bought a scroll of holy word for 112 gold pieces
  9066 | D:10     | Bought a scroll of teleportation for 45 gold pieces
  9069 | D:10     | XOM: harmless Tmut miscast
  9075 | D:10     | Identified a scroll of acquirement {god gift}
  9080 | D:10     | Got a shimmering iron ring
  9082 | D:10     | Identified the ring "Xiefebuf" {rC+ MR+ Str+3 Dex-2} (You acquired it on level 10 of the Dungeon)
  9207 | D:10     | Found Diqyra's Weapon Shoppe.
  9268 | D:10     | XOM: potion effect (heal wounds)
  9365 | D:10     | XOM: mild Conj miscast
  9596 | D:10     | Killed an unseen horror
  9596 | D:10     | Reached skill level 10 in Stealth
  9753 | D:10     | XOM: divination: detect creatures
 10127 | D:11     | XOM: mild Conj miscast
 10232 | D:11     | Noticed Nergalle
 10407 | D:10     | XOM: god gift: potion of agility {god gift}
 10577 | Orc:1    | Entered Level 1 of the Orcish Mines
 10584 | Orc:1    | Reached skill level 10 in Dodging
 10592 | Orc:1    | Found a roughly hewn altar of Beogh.
 10607 | Orc:1    | Found Vyehesim's Antique Armour Shoppe.
 10611 | Orc:1    | Found a bloodstained altar of Trog.
 10621 | Orc:1    | Noticed a cyclops
 10621 | Orc:1    | XOM: potion effect (might)
 10634 | Orc:1    | Killed a cyclops
 11046 | D:10     | XOM: cast spell 'Summon Butterflies'
 11050 | D:10     | XOM: potion effect (brilliance)
 11400 | D:11     | XOM: confuse monster(s)
 11404 | D:11     | XOM: cleaving
 11652 | D:11     | Found a staircase to the Lair.
 11793 | D:11     | Found Wudera's Food Boutique.
 11901 | D:11     | Found a shimmering altar of Xom.
 11902 | D:11     | Noticed a green ugly thing
 11902 | D:11     | XOM: potion effect (brilliance)
 11903 | D:11     | XOM: destruction
 11910 | D:11     | XOM: cleaving
 11939 | D:11     | Killed a green ugly thing
 11939 | D:11     | Reached XP level 11. HP: 47/53 MP: 12/12
 11939 | D:11     | XOM: summons friendly quasit
 12160 | D:11     | XOM: enchant monster (good)
 12162 | D:11     | XOM: enchant monster (bad)
 12249 | D:11     | Noticed Grum
 12263 | D:11     | Killed Grum
 12375 | D:11     | XOM: god gift: scroll labeled UXUVUA GAACAL {god gift}
 12437 | D:11     | Noticed Erolcha
 12457 | D:11     | Killed Erolcha
 12606 | D:11     | Noticed a two-headed ogre
 12609 | D:11     | XOM: butterfly on damage
 12611 | D:11     | XOM: enchant monster (good)
 12638 | D:11     | Killed a two-headed ogre
 12776 | D:11     | XOM: god gift: scale mail {god gift}
 12960 | Lair:1   | Entered Level 1 of the Lair of Beasts
 13178 | Lair:1   | Learned a level 4 spell: Ice Form
 13182 | Lair:1   | Learned a level 3 spell: Spider Form
 13193 | Lair:1   | XOM: confuse monster(s)
 13205 | Lair:1   | XOM: summons 7 friendly demons
 13239 | Lair:1   | Reached skill level 1 in Transmutations
 13341 | Lair:1   | XOM: 5-stop teleportation journey
 13502 | Lair:1   | XOM: summons friendly quasit
 13503 | Lair:1   | XOM: enchant monster (good)
 13600 | Lair:1   | XOM: 1-stop teleportation journey
 13694 | Lair:1   | Found an iron altar of Okawaru.
 13729 | Lair:1   | XOM: summons 2 hostile demons
 14010 | Lair:1   | Reached skill level 1 in Spellcasting
 14013 | Lair:1   | XOM: cleaving
 14024 | Lair:1   | Reached skill level 1 in Ice Magic
 14172 | Lair:1   | XOM: divination: detect creatures
 14588 | Lair:2   | XOM: harmless Necr miscast
 14766 | Lair:2   | Found a hole to the Spider Nest.
 15133 | Lair:2   | XOM: harmless Erth miscast
 15213 | Lair:2   | XOM: scenery: create altars
 15304 | Lair:2   | XOM: divination: detect items
 15343 | Lair:2   | XOM: smoke on damage
 15349 | Lair:2   | Slain by a hippogriff
 15350 | Lair:2   | Reached XP level 10. HP: 0/50 MP: 14/14
 15826 | Lair:3   | XOM: smoke on damage
 15838 | Lair:3   | XOM: summons friendly crimson imp
 15910 | Lair:3   | XOM: god gift: 61 gold pieces {god gift}
 16131 | Lair:3   | Found a staircase to the Shoals.
 16168 | Lair:3   | Reached XP level 11. HP: 28/54 MP: 15/15
 16437 | Lair:3   | Noticed Urug
 16473 | Lair:3   | Slain by Urug
 16474 | Lair:3   | Reached XP level 10. HP: -5/50 MP: 12/14
 16486 | Lair:3   | Mangled by Urug

Vault maps used:
D:1:      doesnt_arrival_eight_statues, minmay_misc_feat_five
D:2:      chequers_ecumenical_altar_simple, first_ration, uniq_jessica
D:3:      kennysheep_the_goblin_king, tgw_xom, okawaru_altar_gauntlet_db
D:5:      lemuel_doored_altar
D:6:      gammafunk_cloud_chamber, minmay_temple_entry_hall
D:7:      lemuel_crystal_altar, nemelex_xobeh_ov_fountains_minmay, serial_glass,
          glass_columns_b, glass_columns_a, glass_columns_a, glass_columns_a,
          uniq_joseph
D:8:      hangedman_pestilent_swarm, nicolae_dithmenos_shadow_blocks
D:9:      kennysheep_little_box
D:10:     orc_david_3, serial_shops, kennysheep_mini_moat,
          kb_lookout_dungeons_type
D:11:     erik_lair_orcish_takeover, basic_altar, serial_shops,
          nicolae_shop_trees, kennysheep_generic_room_6, uniq_nergalle,
          uniq_erolcha, uniq_grum
Lair:1:   basic_altar
Lair:2:   spider_nest_entry_a, portal_ice_cave_entry_pillars_2,
          grunt_megastairs_5
Lair:3:   minmay_shoals_entry_centaurs, uniq_urug
Orc:1:    serial_shops, shop, basic_altar, abandoned_shop, bloody_trog
Abyss:1:  evilmike_abyss_exit_8

Skill      XL: |  1  2  3  4  5  6  7  8  9 10 11 |
---------------+----------------------------------+-----
Stealth        | 1 2 3 4 7 8 9 12 11 | 12.1
Dodging        | 4 5 6 8 9 10 11 | 11.6
Unarmed Combat | 4 5 6 9 10 11 12 | 12.0
Fighting       | 4 5 6 7 8 9 |  9.3
Transmutations | 4 |  4.3
Spellcasting   | 2 |  2.3
Ice Magic      | 2 |  2.3

Action                   |  1- 3 |  4- 6 |  7- 9 | 10-12 || total
-------------------------+-------+-------+-------+-------++-------
Melee: Unarmed           |   112 |   230 |   254 |   533 ||  1129
       Bite              |     7 |    18 |    15 |    43 ||    83
       Punch             |     1 |     1 |     9 |    34 ||    45
 Cast: Spider Form       |       |       |       |     3 ||     3
Evoke: Wand              |       |     2 |    24 |    21 ||    47
  Use: Potion            |       |     1 |     3 |     7 ||    11
       Scroll            |       |       |       |    15 ||    15
 Stab: Sleeping          |     2 |     9 |    19 |    14 ||    44
       Distracted        |       |     2 |     3 |     3 ||     8
       Paralysed         |       |       |     4 |       ||     4
       Petrifying        |       |       |       |     1 ||     1
       Petrified         |       |       |       |     1 ||     1
  Eat: Chunk             |     9 |     5 |    16 |    29 ||    59
Armor: Skin              |    12 |    14 |    25 |    27 ||    78
Dodge: Dodged            |    98 |   190 |   182 |   516 ||   986

Table legend:
 A = Spawn XP
 B = Non-spawn XP
 C = Spawn XP percentage of total XP
 D = Spawn monster count
 E = Non-spawn monster count
 F = Spawn count percentage of total count
 G = Total turns spent on level
                    A         B        C        D         E        F      G
               +---------+---------+-------+---------+---------+-------+---------
         Total |       0 |   23599 |   0.0 |       0 |     295 |   0.0 | 16486
               +---------+---------+-------+---------+---------+-------+---------
           D:1 |       0 |      35 |   0.0 |       0 |      19 |   0.0 |  1663
           D:2 |       0 |     220 |   0.0 |       0 |      18 |   0.0 |  1150
           D:3 |       0 |     129 |   0.0 |       0 |      28 |   0.0 |   766
           D:5 |       0 |     637 |   0.0 |       0 |      21 |   0.0 |  1608
           D:6 |       0 |    1177 |   0.0 |       0 |      28 |   0.0 |   923
           D:7 |       0 |     205 |   0.0 |       0 |       6 |   0.0 |   533
           D:8 |       0 |    2865 |   0.0 |       0 |      34 |   0.0 |  1158
           D:9 |       0 |    1362 |   0.0 |       0 |      13 |   0.0 |  1255
          D:10 |       0 |    1594 |   0.0 |       0 |      31 |   0.0 |  1577
          D:11 |       0 |    6211 |   0.0 |       0 |      51 |   0.0 |  1910
        Lair:1 |       0 |    2536 |   0.0 |       0 |      11 |   0.0 |  1207
        Lair:2 |       0 |    3570 |   0.0 |       0 |      20 |   0.0 |  1417
        Lair:3 |       0 |    2110 |   0.0 |       0 |      11 |   0.0 |   902
         Orc:1 |       0 |     948 |   0.0 |       0 |       4 |   0.0 |   417
               +---------+---------+-------+---------+---------+-------+---------

Vault maps used:
D:1:      doesnt_arrival_eight_statues, minmay_misc_feat_five
D:2:      chequers_ecumenical_altar_simple, first_ration, uniq_jessica
D:3:      kennysheep_the_goblin_king, tgw_xom, okawaru_altar_gauntlet_db
D:5:      lemuel_doored_altar
D:6:      gammafunk_cloud_chamber, minmay_temple_entry_hall
D:7:      lemuel_crystal_altar, nemelex_xobeh_ov_fountains_minmay, serial_glass,
          glass_columns_b, glass_columns_a, glass_columns_a, glass_columns_a,
          uniq_joseph
D:8:      hangedman_pestilent_swarm, nicolae_dithmenos_shadow_blocks
D:9:      kennysheep_little_box
D:10:     orc_david_3, serial_shops, kennysheep_mini_moat,
          kb_lookout_dungeons_type
D:11:     erik_lair_orcish_takeover, basic_altar, serial_shops,
          nicolae_shop_trees, kennysheep_generic_room_6, uniq_nergalle,
          uniq_erolcha, uniq_grum
Lair:1:   basic_altar
Lair:2:   spider_nest_entry_a, portal_ice_cave_entry_pillars_2,
          grunt_megastairs_5
Lair:3:   minmay_shoals_entry_centaurs, uniq_urug
Orc:1:    serial_shops, shop, basic_altar, abandoned_shop, bloody_trog
Abyss:1:  evilmike_abyss_exit_8
